 Dungeon Crawl Stone Soup version 0.25-a0-424-g80bd347ae0 (webtiles) character file.

Game seed: 1519047217153251701, levelgen mode: deterministic

59 MrRokkomies the Vexing (level 3, -1/24 HPs)
             Began as a Vampire Enchanter on Jan 23, 2020.
             Killed from afar by an orc (12 damage)
             ... with an iceblast
             ... on level 3 of the Dungeon.
             The game lasted 00:04:03 (1535 turns).

MrRokkomies the Vexing (Vampire Enchanter)          Turns: 1535, Time: 00:04:03

Health: -1/24      AC:  2    Str:  8    XL:     3   Next: 78%
Magic:  4/6        EV: 13    Int: 17    God:
Gold:   64         SH:  0    Dex: 14    Spells: 4/6 levels left

rFire    + . .     SeeInvis +   a - +1 dagger
rCold    . . .     Gourm    .   (no shield)
rNeg     . . .     Faith    .   b - +0 robe
rPois    .         Spirit   .   (no helmet)
rElec    .         Reflect  .   (no cloak)
rCorr    +         Harm     .   (no gloves)
MR       .....                  (no boots)
Stlth    +++.......             (no amulet)
HPRegen  0.28/turn              k - ring of resist corrosion
MPRegen  0.10/turn              c - ring of protection from fire

@: regenerating quickly
A: no food, fangs 3, see invisible, unbreathing
a: Exsanguinate


You were on level 3 of the Dungeon.
You were alive.

You visited 1 branch of the dungeon, and saw 3 of its levels.

You collected 64 gold pieces.

Inventory:

Hand Weapons
 a - a +1 dagger (weapon)
Missiles
 d - 62 arrows
 h - 55 bolts
 l - 3 poisoned darts (quivered)
Armour
 b - a +0 robe (worn)
Jewellery
 c - a ring of protection from fire (right hand)
 k - a ring of resist corrosion (left hand)
Scrolls
 g - 2 scrolls of identify
 j - a scroll of remove curse {unknown}
Potions
 f - 3 potions of curing {unknown}
 i - a potion of cancellation {unknown}


   Skills:
 * Level 2.5 Short Blades
 + Level 2.7 Dodging
 + Level 5.0 Stealth
 - Level 2.0 Spellcasting
 * Level 5.3 Hexes


You had 4 spell levels left.
You knew the following spells:

 Your Spells              Type           Power        Failure   Level  Hunger
b - Ensorcelled Hibernat  Hex/Ice        ##....       10%         2    N/A

Your spell library contained the following spells:

 Spells                   Type           Power        Failure   Level  Hunger
 Corona                   Hex            ###....      2%          1    N/A
 Confusing Touch          Hex            ###.....     6%          3    N/A
 Tukima's Dance           Hex            ###.....     6%          3    N/A
 Dazzling Flash           Conj/Hex       ##....       19%         3    N/A

Dungeon Overview and Level Annotations

Branches:
Dungeon (3/15)

Altars:
The Shining One


Innate Abilities, Weirdness & Mutations

You do not eat.
Your natural rate of healing is unusually fast.
You have razor-sharp teeth.
You have supernaturally acute eyesight. (SInv)
You can survive without breathing.


Message History

You kill the goblin!
The orc zaps a wand.
The mass of ice explodes!
The iceblast engulfs you!
Ouch! That really hurt!
Casting: Ensorcelled Hibernation (safe; 10% risk of failure)
Confirm with . or Enter, or press ? or * to list all spells.
Aiming: Ensorcelled Hibernation (safe; 10% risk of failure)
Press: ? - help, Shift-Dir - straight line, f - orc wizard
Aim: an orc wizard, wielding a +0 dagger and wearing a +0 robe (fast, slightly transparent, chance to defeat MR: 41%)
The orc wizard looks drowsy...
The orc zaps a wand.
The mass of ice explodes!
The iceblast engulfs the orc wizard!!
The orc wizard dies!
The iceblast engulfs the goblin!
The goblin dies!
The iceblast engulfs the orc!
The orc dies!
The iceblast engulfs the orc!
The orc dies!
The iceblast engulfs you!
Ouch! That really hurt!
You die...

#...........# ........
#...........#
.......#######
#...........#
#..##..#.....##
#....?......#
#..#...........
#...........#
#..#......<#..#
#........o..#
#..#...........
#.........†)#
#..#.##.#...###
#........w))####.#......###
############@.......#####
#.###....# #.# #..#.# #.#
#....## #.# #.#...## #.#
#.#.#..#
###.###.#.##.#######
#(.......)##........
#.(..##.#†.#........


You could see a worm and an orc.

Vanquished Creatures
  2 adders (D:2)
  3 dart slugs
  A leopard gecko (D:2)
  2 orcs (D:3)
  A giant cockroach (D:2)
  4 goblins
  2 hobgoblins
  2 jackals (D:2)
  A quokka (D:3)
  3 bats
  2 frilled lizards
  5 kobolds
  4 rats
32 creatures vanquished.

Vanquished Creatures (others)
  An orc wizard (D:3)
  2 orcs (D:3)
  A goblin (D:3)
4 creatures vanquished.

Grand Total: 36 creatures vanquished

Notes
Turn   | Place    | Note
-------+----------+-------------------------------------------
     0 | D:1      | MrRokkomies the Vampire Enchanter began the quest for the
                  | Orb.
     0 | D:1      | Reached XP level 1. HP: 13/13 MP: 3/3
   148 | D:1      | Reached XP level 2. HP: 4/19 MP: 5/5
   207 | D:1      | Learned a level 2 spell: Ensorcelled Hibernation
   749 | D:2      | Found a glowing golden altar of the Shining One.
   816 | D:2      | Reached skill level 5 in Hexes
   816 | D:2      | Reached XP level 3. HP: 24/24 MP: 1/6
  1531 | D:3      | Reached skill level 5 in Stealth
  1535 | D:3      | Killed from afar by an orc

Levels and vault maps discovered:
D:1:      lightli_arrival_maybe_door_vault, layout_basic
D:2:      layout_loops_cross, lemuel_doored_altar, first_ration
D:3:      cheibrodos_thug_alley, layout_basic, nicolae_ru_sacrificial_ziggurat

Skill      XL: |  1  2  3 |
---------------+----------+-----
Short Blades   | 2 |  2.5
Hexes          | 5 |  5.3
Stealth        | 5 |  5.0
Dodging        | |  2.7
Spellcasting   | |  2.0

Action                   || total
-------------------------++-------
Melee: Dagger            ||   125
       Bite              ||     7
 Cast: Ensorcelled Hiber ||     6
  Use: Scroll            ||     3
       Potion            ||     1
 Stab: Sleeping          ||    10
Armor: Robe              ||    35
Dodge: Dodged            ||    94

Table legend:
 A = Non-vault XP
 B = Vault XP
 C = Vault XP percentage of total XP
 D = Non-vault monster count
 E = Vault monster count
 F = Vault count percentage of total count
                 A         B        C        D         E       F
            +---------+---------+-------+---------+---------+-------
      Total |      85 |       0 |   0.0 |      32 |       0 |   0.0
            +---------+---------+-------+---------+---------+-------
        D:1 |      20 |       0 |   0.0 |      11 |       0 |   0.0
        D:2 |      48 |       0 |   0.0 |      13 |       0 |   0.0
        D:3 |      17 |       0 |   0.0 |       8 |       0 |   0.0
            +---------+---------+-------+---------+---------+-------
